 Dungeon Crawl Stone Soup version 0.24-a0-333-g864f2b5 (webtiles) character file.

Game seed: 6963884952965940297

312 MisterFreud the Changer (level 6, -11/47 HPs)
             Began as a Draconian Transmuter on May 17, 2019.
             Mangled by an orc
             ... wielding a +2 hand axe of electrocution
              (19 damage)
             ... on level 4 of the Dungeon.
             The game lasted 00:08:22 (4012 turns).

MisterFreud the Changer (Draconian Transmuter)      Turns: 4012, Time: 00:08:23

Health: -11/47     AC:  6    Str: 12    XL:     6   Next: 18%
Magic:  4/11       EV: 12    Int: 15    God:
Gold:   201        SH:  0    Dex: 12    Spells: 6/12 levels left

rFire    . . .     SeeInvis +     - Unarmed
rCold    . . .     Gourm    .   (no shield)
rNeg     . . .     Faith    .   (armour unavailable)
rPois    .         Spirit   .   (helmet restricted)
rElec    .         Reflect  .   (no cloak)
rCorr    .         Harm     .   (no gloves)
MR       .....                  (no boots)
Stlth    +.........             (no amulet)
HPRegen  0.15/turn              s - ring of see invisible
MPRegen  0.12/turn              (no ring)

@: appendage (expiring), very slightly contaminated, lightly drained
A: unfitting armour, horns 2, cold-blooded, AC +6
a: End Transformation


You were on level 4 of the Dungeon.
You were near starving.
You had grown temporary horns.
You visited 1 branch of the dungeon, and saw 4 of its levels.

You collected 201 gold pieces.

Inventory:

Hand Weapons
 b - a +0 hunting sling of flaming
Missiles
 a - 40 arrows
 k - 38 bolts
 l - 41 sling bullets
 n - 66 stones (quivered)
 o - 16 poisoned darts
 r - 3 curare-tipped darts
 t - 7 silver javelins
 u - 4 boomerangs
Armour
 d - a +0 shield
Jewellery
 s - a ring of see invisible (left hand)
Wands
 v - a wand of scattershot (5)
Scrolls
 h - 5 scrolls of remove curse
 m - a scroll of enchant weapon {unknown}
 p - 2 scrolls of blinking
Potions
 e - a potion of flight {unknown}
 f - 3 potions of heal wounds {unknown}
 i - a potion of berserk rage {unknown}
 j - 2 potions of lignification {unknown}
 q - a potion of agility {unknown}
Comestibles
 c - 7 rations


   Skills:
 - Level 1.1(0.7) Fighting
 - Level 1.7(1.4) Dodging
 - Level 3.0(2.6) Unarmed Combat
 + Level 3.6(3.2) Spellcasting
 + Level 5.6(5.2) Transmutations


You had 6 spell levels left.
You knew the following spells:

 Your Spells              Type           Power        Failure   Level  Hunger
a - Beastly Appendage     Tmut           ###...       2%          1    #......
b - Sticks to Snakes      Tmut           ###.....     3%          2    ##.....
c - Spider Form           Tmut/Pois      ##........   21%         3    ###....

Your spell library contained the following spells:

 Spells                   Type           Power        Failure   Level  Hunger
 Corona                   Hex            #......      21%         1    #......
 Ensorcelled Hibernation  Hex/Ice        #.....       30%         2    ##.....
 Confuse                  Hex            #.......     52%         3    ###....
 Dazzling Spray           Conj/Hex       #.....       52%         3    ###....
 Tukima's Dance           Hex            #.......     52%         3    ###....
 Ice Form                 Ice/Tmut       ##......     54%         4    #####..
 Blade Hands              Tmut           ###.......   54%         5    ######.


Dungeon Overview and Level Annotations

Branches:
Dungeon (4/15)
 Temple: D:4-7

Altars:
Gozag
Wu Jian

Shops:
D:3 *


Innate Abilities, Weirdness & Mutations

Your plain brown scales are hard. (AC +6)
You cannot fit into any form of body armour.
You are cold-blooded and may be slowed by cold attacks.
You have a pair of horns on your head.


Message History

You create a snake!
You now have 40 arrows.
You swap places.
Your adder completely misses the orc.
The orc barely misses your adder.
Your adder bites the orc.
The orc closely misses your adder.
Your adder bites the orc.
The orc dies!
Your adder closely misses the orc.
The orc closely misses your adder.
Your adder bites the orc.
The orc is poisoned.
Your adder poisons the orc!
The orc misses your adder.
You start resting.
The orc is too close now for your liking.
Your transformation is almost over.
The orc barely misses your adder.
You are near starving!
The orc hits your adder with a +2 hand axe of electrocution.
Lightning courses through your adder!
Your adder dies!
The orc hits you with a +2 hand axe of electrocution.
* * * LOW HITPOINT WARNING * * *
You are electrocuted!!
You die...

.............# #..#..#.#
############.######..#..#.#
.#.).....#..#.#
.#o####.##..#.# .#S#
.......#.# #.# .#.##.##.##
#.# .#%#......#
#.##.#.#..##### #.o@.#.#..#
#### ######.#..# ....
#....# ####### ###.##
......# #.#
#.#.#.###############.#
#...#.................#
#####################.# #.#


You could see an orc.

Vanquished Creatures
  A phantom (D:4)
  A worker ant (D:4)
  4 adders
  2 worms (D:3)
  2 leopard geckos
  5 orcs
  7 giant cockroaches
  15 goblins
  6 hobgoblins
  6 jackals (D:1)
  2 quokkas
  6 bats
  3 frilled lizards
  6 kobolds
  3 rats
69 creatures vanquished.

Vanquished Creatures (collateral kills)
  2 worker ants (D:4)
  4 adders (D:3)
  An ooze (D:3)
  A worm (D:4)
  An orc (D:4)
9 creatures vanquished.

Grand Total: 78 creatures vanquished

Notes
Turn   | Place    | Note
-------+----------+-------------------------------------------
     0 | D:1      | MisterFreud the Draconian Transmuter began the quest for
                  | the Orb.
     0 | D:1      | Reached XP level 1. HP: 16/16 MP: 3/3
   255 | D:1      | Reached XP level 2. HP: 23/23 MP: 5/5
   890 | D:1      | Reached skill level 3 in Transmutations
  1066 | D:2      | Reached XP level 3. HP: 24/28 MP: 4/6
  1330 | D:2      | Learned a level 2 spell: Sticks to Snakes
  1334 | D:2      | Learned a level 3 spell: Spider Form
  1653 | D:2      | Reached XP level 4. HP: 25/35 MP: 6/8
  2053 | D:3      | Reached skill level 4 in Transmutations
  2871 | D:3      | Found an ornate altar of the Wu Jian Council.
  2883 | D:3      | Reached XP level 5. HP: 17/40 MP: 7/9
  3233 | D:3      | Found Gozag's Platinum Reserve.
  3248 | D:3      | Found an opulent altar of Gozag.
  3360 | D:4      | Reached skill level 5 in Transmutations
  3474 | D:4      | Noticed an ogre
  3686 | D:4      | Noticed a phantom
  3729 | D:4      | Killed a phantom
  3729 | D:4      | Reached XP level 6. HP: 23/47 MP: 4/11
  4012 | D:4      | Mangled by an orc

Levels and vault maps discovered:
D:1:      erik_arrival_cave_to_civilisation [erik_arrival_cave_to_hall],
          layout_basic, hangedman_abyss_or_decor_lesser_grid
D:2:      layout_basic
D:3:      layout_rooms, nicolae_overflow_crystal_walls,
          nicolae_gozag_zags_fifth_avenue, nrook_campfire,
          palyth_stone_intersect
D:4:      layout_basic, first_ration, okawaru_altar_gauntlet_db

Skill      XL: |  1  2  3  4  5 |
---------------+----------------+-----
Transmutations | 3 4 5 |  5.6
Spellcasting   | 3 |  3.6
Fighting       | |  1.1
Dodging        | |  1.7
Unarmed Combat | |  3.0

Action                   |  1- 3 |  4- 6 || total
-------------------------+-------+-------++-------
Melee: Unarmed           |   129 |   188 ||   317
       Tailslap          |    12 |    17 ||    29
       Kick              |     9 |    17 ||    26
       Headbutt          |     4 |     6 ||    10
       Punch             |       |     2 ||     2
 Cast: Beastly Appendage |    17 |    21 ||    38
       Sticks to Snakes  |       |    11 ||    11
       Spider Form       |       |     3 ||     3
  Use: Scroll            |       |     4 ||     4
 Stab: Sleeping          |       |     1 ||     1
  Eat: Chunk             |     3 |     8 ||    11
Armor: Skin              |    33 |    50 ||    83
Dodge: Dodged            |    76 |   120 ||   196

Table legend:
 A = Non-vault XP
 B = Vault XP
 C = Vault XP percentage of total XP
 D = Non-vault monster count
 E = Vault monster count
 F = Vault count percentage of total count
                 A         B        C        D         E       F
            +---------+---------+-------+---------+---------+-------
      Total |     442 |       4 |   0.9 |      76 |       2 |   2.6
            +---------+---------+-------+---------+---------+-------
        D:1 |      31 |       4 |  11.4 |      18 |       2 |  10.0
        D:2 |      84 |       0 |   0.0 |      29 |       0 |   0.0
        D:3 |      90 |       0 |   0.0 |      19 |       0 |   0.0
        D:4 |     237 |       0 |   0.0 |      10 |       0 |   0.0
            +---------+---------+-------+---------+---------+-------
